 Dungeon Crawl Stone Soup version 0.14.1-26-g5a19342 (webtiles) character file.

323026 germz the Blocker (level 23, -4/190 HPs)
             Began as a Formicid Fighter on July 11, 2014.
             Was an Elder of the Shining One.
             Slain by a spriggan defender
             ... wielding a +1,+2 flail of holy wrath
             ... led by the Enchantress
              (11 damage)
             ... on Level 5 of the Depths on July 13, 2014.
             The game lasted 05:09:15 (60484 turns).

germz the Blocker (Formicid Fighter)               Turns: 60484, Time: 05:09:15

HP  -4/190       AC 31     Str 32      XL: 23   Next: 17%
MP  17/40        EV  9     Int 12      God: the Shining One [****..]
Gold 2663        SH  0     Dex  9      Spells:  0 memorised, 22 levels left

rFire  + . .     SeeInvis +     g - +6,+7 bardiche (freeze) {trove@depths2}
rCold  + + +     Clarity  .     a - +8 plate armour {rPois}
rNeg   + + .     Conserve .     m - +1 shield
rPois  +         rCorr    .     (helmet unavailable)
rElec  +         rRot     .     G - -2 cloak of Boredom {rPois rC++ Dam+3 SInv}
SustAb . .       Spirit   .     I - +0 pair of gloves
rMut   +         Warding  .     t - +2 pair of boots {+Jump}
Saprov . . .     Stasis   +     o - amulet of resist mutation
MR     +....                    B - +5,+4 ring of slaying
                                L - +4 ring of strength

@: confused, glowing, cannot translocate, somewhat resistant to hostile
enchantments, extremely unstealthy
A: permanent stasis, dig shafts and tunnels, four strong arms, antennae 3,
hooves 1, clever 1, clumsy 1, sense surroundings 1, poison resistance, slow
metabolism 1
a: Dig, Shaft Self, Divine Shield, Cleansing Flame, Renounce Religion, Evoke
Jump Attack


You were on level 5 of the Depths.
You worshipped the Shining One.
The Shining One was greatly pleased with you.
You were near starving.

You visited 8 branches of the dungeon, and saw 43 of its levels.
You visited 1 bazaar.
You also visited: Labyrinth, Ice Cave and Volcano.

You collected 4407 gold pieces.
You spent 1744 gold pieces at shops.

Inventory:

Hand weapons
 g - a +6,+7 bardiche of freezing (weapon) {trove@depths2}
 u - a +2,+3 trident of flaming
Missiles
 k - 4 javelins
 E - 19 javelins of penetration (quivered)
Armour
 a - a +8 plate armour of poison resistance (worn)
 m - a +1 shield (worn)
 t - a +2 pair of boots of jumping (worn)
 y - a +0 plate armour of cold resistance
 D - an ice dragon hide
 G - the -2 cloak of Boredom (worn) {rPois rC++ Dam+3 SInv}
   (You found it on level 8 of the Lair of Beasts)

   It affects your damage with ranged weapons and melee attacks (+3).
   It greatly protects you from cold.
   It protects you from poison.
   It enhances your eyesight.
 I - a +0 pair of gloves (worn)
Magical devices
 e - a wand of disintegration (7)
 h - a wand of lightning (7)
 r - a wand of frost (7)
 z - a wand of teleportation (8)
 K - a wand of cold (9)
 R - a wand of fire (10)
Comestibles
 d - 12 bread rations
 j - 9 sultanas
 p - 3 honeycombs
 s - 6 chokos
 x - 10 meat rations
 P - 4 apples
Scrolls
 c - a scroll of vulnerability
 n - a scroll of amnesia
 w - 2 scrolls of remove curse
 C - 2 scrolls of recharging
 F - 2 scrolls of fog
 H - 3 scrolls of identify
Jewellery
 b - the ring of Polytheism {AC+6 Str-3 Dex+3 Int-2}
   (You found it on level 3 of the Depths)

   [ring of protection]

   It affects your AC (+6).
   It affects your strength (-3).
   It affects your intelligence (-2).
   It affects your dexterity (+3).
 o - an amulet of resist mutation (around neck)
 B - a +5,+4 ring of slaying (right hand)
 L - a +4 ring of strength (left hand)
Potions
 f - a potion of restore abilities
 i - a potion of curing
 l - 2 potions of porridge
Books
 v - a book of Envenomations

   Spells                             Type                      Level
   Spider Form                        Transmutation/Poison         3
   Poison Weapon                      Charms/Poison                3
   Alistair's Intoxication            Transmutation/Poison         4
   Olgreb's Toxic Radiance            Poison                       4
   Poisonous Cloud                    Conjuration/Poison/Air       6
   The Shining One disapproves of the use of such an item.


   Skills:
 * Level 17.9 Fighting
   Level 2.5 Long Blades
 * Level 16.3 Polearms
 + Level 4.7 Throwing
 * Level 17.9 Armour
 + Level 11.2 Dodging
 * Level 19.2 Shields
 * Level 18.5 Invocations


You had 22 spell levels left.
You didn't know any spells.

Dungeon Overview and Level Annotations

Branches:
Dungeon (15/15)            Temple (1/1) D:4             Orc (4/4) D:9
    Elf (2/3) Orc:3          Lair (8/8) D:9          Shoals (4/5) Lair:4
 Spider (4/5) Lair:5        Slime (0/6) Lair:8       Vaults (0/5) D:14
 Depths (5/5) D:15
    Zot: Depths:5

Altars:
Ashenzari
Cheibriados
Dithmenos
Elyvilon
Fedhas
Kikubaaqudgha
Makhleb
Nemelex Xobeh
Okawaru
Sif Muna
Trog
Vehumet
Xom
Yredelemnul
Zin
The Shining One
Beogh
Jiyva

Shops:
D:5 }   Orc:2 *:?*   Orc:4 ([*:

Portals:
Hell: Depths:1 Depths:2 Depths:3 Depths:4
Abyss: Depths:3 Depths:4
Pandemonium: Depths:1 Depths:3 Depths:4
Trove: Depths:2 (show slimy rune of Zot)

Annotations:
Depths:1 exclusions: 3 ancient liches and 1 more exclusion
Depths:5 the Enchantress


Innate Abilities, Weirdness & Mutations

Your are under a permanent stasis effect.
You can dig through walls and to a lower floor.
Your four strong arms can wield two-handed weapons with a shield.
You have a pair of large antennae on your head (SInv).
You have large cloven feet.
Your mind is acute. (Int +2)
You are clumsy. (Dex -2)
You passively map a small area around you.
Your system is resistant to poisons.
You have a slow metabolism.


Message History

The air twists around and strikes you!
You block the spriggan defender's attack.
Read which item? (? for menu, Esc to quit)
As you read the scroll of holy word, it crumbles to dust.
You speak a Word of immense power!
You block the spriggan air mage's attack.
The Enchantress casts a spell.
You are confused.
The spriggan defender hits you with a runed flail!
* * * LOW HITPOINT WARNING * * *
The spriggan air mage hits you but does no damage.
The Enchantress hits you with a runed lajatang.
* * * LOW HITPOINT WARNING * * *
The spriggan air mage waves its arms in wide circles.
The air twists around and strikes you!
* * * LOW HITPOINT WARNING * * *
You're too confused!
Ouch!
The spriggan defender hits you with a runed flail!
You die...

#......#####.# * * *
#....%<......#, , , ,
#......############**
* #.......#.........#
, ,
........i.........# *
........#)........####
........######i##.[...
.......{######i#i.#*#
* ............##ii@#
,+ .##.#.......##ii##
...............## ,
,,* ..#.#........###,{
#.#.......##, { * ,#
#####..##, { , ..## ,,
, * {.## , , {{# , , *


You could see the Enchantress, 3 spriggan defenders and 2 spriggan air magi.

Vanquished Creatures
  Mara (Spider:3)
  Xtahua (Depths:5)
  Frederick (Depths:5)
  2 tentacled monstrosities
  An Ice Fiend (Depths:1)
  3 liches (Depths:2)
  Polyphemus (Shoals:3)
  A kraken (Shoals:2)
  Rupert (Elf:1)
  Agnes (Shoals:1)
  A shadow dragon (Depths:3)
  6 fire giants
  Donald (Elf:1)
  10 frost giants
  2 orc warlords
  Aizul (Spider:4)
  6 emperor scorpions
  7 rakshasas
  Jorgrun (Depths:4)
  18 stone giants
  A spriggan defender (Depths:4)
  A reaper (Depths:4)
  A deep elf annihilator (Elf:1)
  A vampire knight (Depths:3)
  Azrael (Elf:1)
  A large abomination (Elf:1)
  6 dire elephants
  A merfolk javelineer (Depths:4)
  5 ettins
  6 minotaurs
  3 deep elf death magi
  A blizzard demon (Depths:1)
  4 merfolk impalers
  5 vault guards (D:14)
  3 fire dragons
  4 ice dragons
  8 yaktaur captains
  Fannar (Lair:2)
  A ravenous feature mimic (Depths:2)
  A spriggan air mage (Depths:4)
  A great orb of eyes (Depths:4)
  9 hydras
  17 slime creatures
  6 ogre magi
  A ravenous item mimic (Depths:3)
  9 deep troll earth magi
  14 deep troll shamans
  3 tengu warriors
  26 death yaks
  3 satyrs (Shoals:4)
  A spriggan berserker (Depths:4)
  Urug (Elf:1)
  9 centaur warriors
  7 orc high priests
  A spectral elf (Elf:2)
  An iron troll (Depths:2)
  Nergalle (Lair:6)
  A soul eater (Depths:2)
  4 catoblepae
  13 deep elf knights
  A titan skeleton (Depths:2)
  16 very ugly things
  The ghost of Konstantin the Vexing, an experienced VSEn of Sif Muna (D:9)
  A storm dragon skeleton (Depths:2)
  3 hell knights (Depths:3)
  A hell beast (Depths:1)
  3 giant orange brains
  8 deep elf summoners
  An infernal demonspawn (Depths:4)
  12 skeletal warriors (Depths:2)
  3 harpies (Shoals:4)
  26 deep trolls
  A golden dragon skeleton (Depths:2)
  13 sea snakes
  15 orb spiders
  6 orc knights
  2 flayed ghosts (Depths:3)
  5 deep elf conjurers
  7 water nymphs
  Joseph (D:9)
  6 hill giants
  22 fauns
  A manticore (shapeshifter) (Elf:2)
  A griffon (shapeshifter) (D:15)
  20 wolf spiders
  A wizard (Depths:2)
  6 orc sorcerers
  A shadow dragon skeleton (Depths:2)
  A tengu skeleton (Depths:2)
  2 iron dragon skeletons (Depths:2)
  A sixfirhy (Orc:2)
  6 griffons
  An oklob plant (Lair:4)
  13 manticores
  2 black mambas
  A red wasp (Spider:4)
  6 cyclopes
  6 elephants (Lair:3)
  9 mermaids
  3 frost giant skeletons (Depths:2)
  5 stone giant skeletons (Depths:2)
  An octopode (shapeshifter) (D:15)
  A fire giant skeleton (Depths:2)
  2 smoke demons
  2 guardian serpents (shapeshifter)
  An orange demon (Depths:4)
  A gargoyle (D:9)
  An efreet (D:13)
  2 dire elephant skeletons (Depths:2)
  23 spiny frogs
  4 feature mimics
  3 tengu conjurers
  An item mimic (Spider:3)
  An iron devil (Depths:1)
  A centaur zombie (D:12)
  7 trolls
  A queen bee (Lair:3)
  7 demonic crawlers
  A red devil (Depths:1)
  A guardian mummy (Volcano)
  A hellwing (Depths:4)
  7 komodo dragons
  9 deep elf priests
  9 boggarts
  11 snapping turtles
  5 two-headed ogres
  2 blue devils
  18 polar bears
  9 fire drakes
  Sonja (D:14)
  5 harpy zombies (Shoals:2)
  19 merfolk
  26 yaktaurs
  A centaur skeleton (D:15)
  5 wind drakes
  3 giant fireflies (Depths:4)
  A jumping spider (shapeshifter) (Depths:4)
  13 jumping spiders
  A minotaur skeleton (Volcano)
  4 boulder beetles
  23 blink frogs
  3 giant leeches (Lair:8)
  A hydra skeleton (D:9)
  A raiju (shapeshifter) (Depths:3)
  A griffon zombie (Shoals:2)
  6 basilisks
  3 ravens
  11 flying skulls
  47 redbacks
  19 tarantellas
  An ettin skeleton (Depths:2)
  4 vampires
  4 water elementals
  18 deep elf magi
  A griffon skeleton (D:15)
  25 ugly things
  2 ynoxinuls (Depths:1)
  3 wraiths
  4 spriggans
  2 air elementals (Depths:4)
  Eustachio (D:5)
  A chaos spawn (Depths:1)
  42 yaks
  An elephant slug (Lair:4)
  8 wyverns
  12 sharks
  14 trapdoor spiders
  19 hippogriffs
  2 hungry ghosts (D:12)
  3 fire elementals (Elf:1)
  A shadow (D:13)
  18 deep elf fighters
  A steam dragon (D:10)
  11 vampire mosquitoes
  17 wolves
  13 water moccasins
  Menkaure (D:5)
  2 hill giant skeletons (Volcano)
  5 wargs
  A human (shapeshifter) (D:15)
  A soldier ant (D:13)
  11 porcupines
  4 hell hounds
  2 merfolk skeletons (Volcano)
  A necrophage (D:13)
  48 orc warriors
  A human skeleton (Depths:2)
  27 spiders
  20 ice beasts
  22 ogres
  2 phantoms
  4 giant goldfish
  14 centaurs
  3 sky beasts
  2 manticore skeletons
  13 crocodiles
  Sigmund (D:5)
  35 giant frogs
  A boring beetle (Lair:3)
  6 giant slugs
  Blork the orc (D:6)
  A silver statue (D:11)
  A brain worm (D:14)
  A cyclops zombie (D:9)
  10 scorpions
  4 eyes of draining
  2 cyclops skeletons
  2 wyvern skeletons
  A hippogriff zombie (Shoals:2)
  A troll zombie (D:9)
  7 spriggan skeletons
  2 troll skeletons
  12 wights
  5 electric eels (Lair:8)
  33 killer bees
  7 goliath beetles
  5 big fish
  8 crimson imps
  A giant frog zombie (D:7)
  2 quasits
  4 elf skeletons
  7 hounds
  3 jellies
  36 orc priests
  43 orc wizards
  An iron imp (Depths:4)
  18 worker ants
  9 iguanas
  A two-headed ogre skeleton (Volcano)
  A giant frog simulacrum (D:8)
  3 orange rats
  20 sheep
  Ijyb (D:5)
  A naga skeleton (Volcano)
  A black bear simulacrum (D:8)
  2 ogre skeletons
  6 mummies
  19 adders
  3 gnolls (D:3)
  58 green rats
  5 orc skeletons
  5 giant mites
  2 white imps
  2 worms
  4 shadow imps
  9 ufetubi
  4 orc zombies
  An adder skeleton (D:4)
  An iguana skeleton (D:6)
  7 giant eyeballs
  2 oozes
  205 orcs
  3 ball pythons
  17 bats
  2 bat skeletons (D:4)
  A bat zombie (Shoals:2)
  7 giant cockroaches
  18 goblins
  22 hobgoblins
  33 jackals
  18 kobolds
  9 quokkas
  A giant cockroach zombie (D:5)
  7 giant geckos
  5 giant newts
  2 giant newt skeletons (D:4)
  2 giant spores (D:8)
  A jackal skeleton (D:4)
  A kobold zombie (D:6)
  40 rats
  A rat zombie (D:6)
  14 ballistomycetes
  A fungus (Elf:1)
  6 plants
  A tentacle (Shoals:2)
  A tentacle segment (Shoals:2)
2073 creatures vanquished.

Vanquished Creatures (collateral kills)
  A golden dragon (Depths:3)
  2 liches (Depths:3)
  A tentacled monstrosity (Depths:3)
  A sphinx (Depths:3)
  A frost giant (Depths:3)
  A deep elf annihilator (Depths:3)
  An iron troll (Depths:4)
  A necromancer (Depths:3)
  2 yaktaurs (Depths:4)
11 creatures vanquished.

Vanquished Creatures (others)
  Margery (Depths:3)
  An angel (Depths:3)
  A jumping spider (Spider:3)
  A tarantella (Spider:1)
  A trapdoor spider (Spider:3)
  An orc warrior (Depths:4)
  A sky beast (D:5)
  2 green rats (Lair:6)
  A chimera (D:14)
  3 orcs
  3 giant spores
  2 fungi (Lair:8)
  13 plants
  15 tentacles (Shoals:2)
  282 tentacle segments (Shoals:2)
328 creatures vanquished.

Grand Total: 2412 creatures vanquished

Notes
Turn   | Place    | Note
--------------------------------------------------------------
     0 | D:1      | germz, the Formicid Fighter, began the quest for the Orb.
     0 | D:1      | Reached XP level 1. HP: 18/18 MP: 1/1
    62 | D:1      | Reached XP level 2. HP: 16/24 MP: 3/3
   365 | D:1      | Reached XP level 3. HP: 24/29 MP: 4/4
   419 | D:1      | Reached skill level 4 in Shields
   733 | D:2      | Reached skill level 1 in Dodging
   931 | D:2      | Reached XP level 4. HP: 36/36 MP: 5/5
  1570 | D:3      | Reached XP level 5. HP: 22/42 MP: 7/7
  1841 | D:3      | Found a burning altar of Makhleb.
  1849 | D:3      | Reached skill level 1 in Polearms
  1910 | D:3      | Reached XP level 6. HP: 48/48 MP: 8/8
  2462 | D:4      | Reached skill level 5 in Shields
  2766 | D:5      | Entered Level 5 of the Dungeon
  2982 | D:5      | Got a polished ring mail
  2998 | D:5      | Noticed an ice beast
  3007 | D:5      | Killed an ice beast
  3007 | D:5      | Reached skill level 5 in Armour
  3007 | D:5      | Reached XP level 7. HP: 55/55 MP: 9/9
  3008 | D:5      | Noticed an ice beast
  3015 | D:5      | Killed an ice beast
  3040 | D:5      | Noticed Ijyb
  3040 | D:5      | Noticed an ice beast
  3049 | D:5      | Killed Ijyb
  3057 | D:5      | Killed an ice beast
  3057 | D:5      | Reached skill level 5 in Fighting
  3069 | D:5      | Found a white marble altar of Elyvilon.
  3071 | D:5      | Noticed a sky beast
  3092 | D:5      | Killed a sky beast
  3092 | D:5      | HP: 2/56 [centaur/arrow (11)]
  3097 | D:5      | Reached XP level 8. HP: 4/62 MP: 11/11
  3412 | D:5      | Became a worshipper of Elyvilon the Healer
  3540 | D:5      | Reached skill level 6 in Shields
  3693 | D:5      | Noticed Eustachio
  3699 | D:5      | Killed Eustachio
  3699 | D:5      | Reached skill level 1 in Invocations
  3812 | D:4      | Found a staircase to the Ecumenical Temple.
  3915 | Temple   | Entered the Ecumenical Temple
  4119 | Temple   | Fell from the grace of Elyvilon
  4119 | Temple   | Became a worshipper of the Shining One
  4202 | D:4      | Found a sparkling altar of Nemelex Xobeh.
  4216 | D:4      | Found an iron altar of Okawaru.
  4533 | D:5      | Found Ympioq's Gadget Emporium.
  4562 | D:5      | Noticed Menkaure
  4571 | D:5      | Killed Menkaure
  4773 | D:5      | Reached XP level 9. HP: 69/69 MP: 15/15
  4844 | D:5      | Noticed a sky beast
  4856 | D:5      | Killed a sky beast
  4945 | D:5      | Noticed Sigmund
  4953 | D:5      | Killed Sigmund
  4953 | D:5      | Reached skill level 7 in Shields
  5024 | D:5      | Identified the +0 ring mail of the Wheelwright {Str-3} (You found it on level 5 of the Dungeon)
  5131 | D:6      | Noticed Blork the orc
  5148 | D:6      | Killed Blork the orc
  5395 | D:6      | Found a sparkling altar of Nemelex Xobeh.
  5842 | D:7      | Reached skill level 5 in Polearms
  6373 | D:7      | Acquired the Shining One's first power
  6409 | D:7      | Reached XP level 10. HP: 76/79 MP: 19/19
  6434 | D:7      | Identified a scroll of acquirement
  6698 | D:8      | Reached skill level 8 in Shields
  6722 | D:8      | Reached skill level 5 in Invocations
  7828 | D:9      | Noticed Joseph
  7843 | D:9      | Killed Joseph
  7886 | D:9      | Noticed Konstantin's ghost (experienced VSEn)
  7925 | D:9      | You fall through a shaft for 2 floors!
  7958 | D:11     | Killed a door mimic
  8179 | D:10     | Entered Level 10 of the Dungeon
  8208 | D:10     | Reached XP level 11. HP: 73/86 MP: 23/23
  8210 | D:10     | Acquired the Shining One's second power
  8225 | D:10     | Reached skill level 9 in Shields
  8477 | D:10     | Noticed a centaur warrior
  8482 | D:10     | Killed a centaur warrior
  9467 | D:11     | Found a gateway to a bazaar.
  9899 | Bazaar   | Entered a bazaar
  9911 | Bazaar   | Found Sheischae's Jewellery Boutique.
  9929 | Bazaar   | Found Ybast's Antique Armour Emporium.
  9946 | Bazaar   | Found Curem's Book Boutique.
  9963 | Bazaar   | Found Topregao's Antique Weapon Shoppe.
  9986 | Bazaar   | Bought a +4 ring of strength for 243 gold pieces
 10335 | D:9      | Killed Konstantin's ghost
 10394 | D:9      | Reached skill level 10 in Shields
 10403 | D:9      | Reached XP level 12. HP: 35/96 MP: 25/25
 10681 | D:9      | Found a staircase to the Lair.
 11043 | D:9      | Reached skill level 5 in Dodging
 11081 | D:9      | Found a staircase to the Orcish Mines.
 11873 | D:12     | Noticed a seven-headed hydra
 11885 | D:12     | Killed a seven-headed hydra
 12155 | D:12     | the was a mimic.
 12190 | D:12     | Reached skill level 10 in Fighting
 12391 | D:13     | Reached skill level 10 in Armour
 12874 | D:13     | Reached skill level 11 in Shields
 12915 | D:13     | Noticed a centaur warrior
 12922 | D:13     | Killed a centaur warrior
 13213 | D:13     | Noticed a catoblepas
 13235 | D:13     | Killed a catoblepas
 13235 | D:13     | Reached XP level 13. HP: 71/104 MP: 28/28
 13808 | D:14     | Noticed Sonja
 13828 | D:14     | Killed Sonja
 14286 | Lair:1   | Entered Level 1 of the Lair of Beasts
 14361 | Lair:1   | Reached skill level 10 in Invocations
 14879 | Lair:2   | Got a polished halberd
 15083 | Lair:2   | Identified the cursed +3,+7 halberd "Orb Guardian's Curse" {elec, rElec SInv} (You found it on level 2 of the Lair of Beasts)
 15089 | Lair:2   | Noticed Fannar
 15195 | Lair:2   | Killed Fannar
 15981 | Lair:3   | Reached skill level 10 in Polearms
 15982 | Lair:3   | Reached skill level 12 in Shields
 17016 | Lair:3   | Reached XP level 14. HP: 113/113 MP: 29/29
 17839 | Lair:4   | Found a staircase to the Shoals.
 17844 | Lair:4   | Found a labyrinth entrance.
 17883 | Lab      | Entered a labyrinth
 18397 | Lair:4   | You fall through a shaft!
 18585 | Lair:5   | Found a dark tunnel.
 18592 | Volcano  | Entered a volcano
 19358 | Lair:4   | Found an ancient bone altar of Kikubaaqudgha.
 19710 | Orc:1    | Entered Level 1 of the Orcish Mines
 20037 | Orc:2    | Found Shrinumn's Magic Scroll Emporium.
 20201 | Orc:2    | Found Ekapomp's General Store.
 20923 | Orc:2    | Bought a scroll of enchant armour for 112 gold pieces
 20923 | Orc:2    | Bought a scroll of identify for 30 gold pieces
 20923 | Orc:2    | Bought a scroll of enchant weapon III for 300 gold pieces
 20942 | Orc:2    | Bought a potion of mutation for 37 gold pieces
 20944 | Orc:2    | Gained mutation: Your spells are a little harder to cast, but a little more powerful. [potion of mutation]
 20944 | Orc:2    | Gained mutation: You are weak. (Str -2) [potion of mutation]
 21142 | Orc:2    | Found a roughly hewn altar of Beogh.
 21254 | Orc:2    | Found Mnusoeze's Book Emporium.
 21261 | Orc:2    | Found Hano Luo's Assorted Antiques.
 21275 | Orc:2    | Bought a scroll labeled OPACI STEFRAST for 27 gold pieces
 21275 | Orc:2    | Bought a slimy orange potion for 24 gold pieces
 21275 | Orc:2    | Bought a scroll labeled PSOUBI SERUKUU for 27 gold pieces
 21275 | Orc:2    | Bought a potion of mutation for 67 gold pieces
 21279 | Orc:2    | Gained mutation: You have large cloven feet. [potion of mutation]
 21279 | Orc:2    | Lost mutation: Your spells are a little harder to cast, but a little more powerful. [potion of mutation]
 21279 | Orc:2    | Gained mutation: You passively map a small area around you. [potion of mutation]
 21355 | Orc:3    | Found a roughly hewn altar of Beogh.
 21355 | Orc:3    | Found a staircase to the Elven Halls.
 21764 | Orc:4    | Entered Level 4 of the Orcish Mines
 22027 | Orc:4    | Noticed a stone giant
 22036 | Orc:4    | Killed a stone giant
 22225 | Orc:4    | Noticed an orc warlord
 23311 | Orc:4    | Reached skill level 13 in Shields
 23336 | Orc:4    | Killed an orc warlord
 23534 | Orc:4    | Reached XP level 15. HP: 107/121 MP: 28/31
 23781 | Orc:4    | Found Casch's Antique Armour Emporium.
 23782 | Orc:4    | Found Laherche's Antique Weapon Shoppe.
 23783 | Orc:4    | Found Cerup's General Store.
 23783 | Orc:4    | Found Yxaep's Book Emporium.
 23808 | Orc:4    | Bought a pair of glowing boots for 121 gold pieces
 23808 | Orc:4    | Bought a steaming plate armour for 756 gold pieces
 23831 | Orc:4    | Identified the +3 plate armour of the Many Suns {rC++ Curse} (You bought it in a shop on level 4 of the Orcish Mines)
 24454 | Lair:5   | Found a hole to the Spider Nest.
 24831 | Lair:6   | Noticed Nergalle
 24839 | Lair:6   | Killed Nergalle
 25091 | Lair:6   | Found a frozen archway.
 25217 | IceCv    | Entered an ice cave
 25963 | IceCv    | Noticed a frost giant
 25974 | IceCv    | Killed a frost giant
 26515 | Lair:6   | Gained mutation: Your system is resistant to poisons. [potion of beneficial mutation]
 26516 | Lair:6   | Lost mutation: You are weak. (Str -2) [potion of beneficial mutation]
 27609 | Lair:8   | Entered Level 8 of the Lair of Beasts
 27959 | Lair:8   | Reached skill level 14 in Shields
 28004 | Lair:8   | Reached XP level 16. HP: 34/130 MP: 32/32
 28542 | Lair:8   | Found a staircase to the Slime Pits.
 28542 | Lair:8   | Found a viscous altar of Jiyva.
 29394 | Lair:8   | Got a faintly humming cloak
 29464 | Lair:8   | Identified the -2 cloak of Boredom {rPois rC++ Dam+3 SInv} (You found it on level 8 of the Lair of Beasts)
 29893 | D:14     | Noticed a vault guard
 29919 | D:14     | Noticed a vault guard
 29924 | D:14     | Noticed a vault guard
 29954 | D:14     | Killed a vault guard
 29980 | D:14     | Noticed an ogre mage
 29987 | D:14     | Killed an ogre mage
 30002 | D:14     | Killed a vault guard
 30016 | D:14     | Found a gate to the Vaults.
 30016 | D:14     | Noticed a vault guard
 30022 | D:14     | Noticed a vault guard
 30023 | D:14     | Killed a vault guard
 30027 | D:14     | Killed a vault guard
 30048 | D:14     | Killed a vault guard
 30503 | D:14     | Found an ancient bone altar of Kikubaaqudgha.
 30577 | D:15     | Entered Level 15 of the Dungeon
 30820 | D:15     | Gained mutation: Your mind is acute. (Int +2) [mutagenic meat]
 30821 | D:15     | Gained mutation: You are clumsy. (Dex -2) [mutagenic meat]
 30822 | D:15     | Gained mutation: Your mind is very acute. (Int +4) [mutagenic meat]
 30833 | D:15     | Lost mutation: You passively map a small area around you. [potion of mutation]
 30833 | D:15     | Lost mutation: Your mind is very acute. (Int +4) [potion of mutation]
 30861 | D:15     | Reached XP level 17. HP: 44/138 MP: 34/34
 31154 | D:15     | Found a staircase to the Depths.
 31455 | D:15     | Found a deep blue altar of Sif Muna.
 32146 | Spider:1 | Entered Level 1 of the Spider Nest
 33409 | Spider:1 | Reached skill level 15 in Shields
 35693 | Spider:3 | Noticed Mara
 35694 | Spider:3 | Noticed germz's illusion
 35704 | Spider:3 | Killed Mara
 35892 | Spider:4 | Reached XP level 18. HP: 87/147 MP: 35/35
 36534 | Spider:4 | Noticed Aizul
 36547 | Spider:4 | Killed Aizul
 36962 | Spider:4 | Got a slimy war axe
 37222 | Shoals:1 | Entered Level 1 of the Shoals
 37336 | Shoals:1 | Reached skill level 15 in Invocations
 37767 | Shoals:1 | Noticed Agnes
 37773 | Shoals:1 | Killed Agnes
 38536 | Shoals:2 | Reached skill level 15 in Fighting
 39400 | Shoals:2 | Reached skill level 16 in Shields
 39422 | Shoals:2 | Reached skill level 15 in Armour
 40627 | Shoals:3 | Noticed Polyphemus
 40636 | Shoals:3 | Killed Polyphemus
 40642 | Shoals:3 | Reached XP level 19. HP: 70/155 MP: 36/36
 41161 | Shoals:3 | Acquired the Shining One's third power
 43741 | Elf:1    | Entered Level 1 of the Elven Halls
 43789 | Elf:1    | Noticed Urug
 43793 | Elf:1    | Killed Urug
 43867 | Elf:1    | Gained mutation: You have a slow metabolism. [potion of mutation]
 43867 | Elf:1    | Gained mutation: You passively map a small area around you. [potion of mutation]
 43891 | Elf:1    | Noticed Azrael
 43911 | Elf:1    | Killed Azrael
 44244 | Elf:1    | Noticed Donald
 44252 | Elf:1    | Killed Donald
 44678 | Elf:1    | Noticed Rupert
 44688 | Elf:1    | Killed Rupert
 45043 | Elf:1    | You fall through a shaft!
 45112 | Elf:2    | Reached skill level 10 in Dodging
 46257 | Depths:1 | Entered Level 1 of the Depths
 46497 | D:15     | Reached skill level 17 in Shields
 46761 | Depths:1 | Noticed an ancient lich
 47202 | Depths:1 | Noticed an ancient lich
 47496 | Depths:1 | Reached XP level 20. HP: 157/164 MP: 37/37
 48615 | Depths:1 | Found a one-way gate leading to the halls of Pandemonium.
 48767 | Depths:1 | Found a gateway to Hell.
 49761 | Depths:2 | Reached skill level 1 in Throwing
 51023 | Depths:2 | Reached skill level 15 in Polearms
 51698 | Depths:2 | Found a portal to a secret trove of treasure.
 51739 | Depths:2 | HP: 8/166 [deep troll (24)]
 52263 | Depths:2 | Reached XP level 21. HP: 156/172 MP: 38/38
 52533 | Depths:2 | Acquired the Shining One's fourth power
 52555 | Depths:2 | Identified Yprasass' Almanac of Inquiry
 52780 | Depths:2 | Reached skill level 18 in Shields
 53028 | Depths:2 | Identified a +0 cloak of preservation (You found it on level 2 of the Depths)
 53854 | Depths:3 | Found a blossoming altar of Fedhas.
 53866 | Depths:3 | Found a one-way gate to the infinite horrors of the Abyss.
 53873 | Depths:3 | Noticed Margery
 53887 | Depths:3 | Killed Margery
 55768 | Depths:3 | Reached XP level 22. HP: 154/182 MP: 39/39
 55797 | Depths:3 | Noticed a golden dragon
 55810 | Depths:3 | Killed a golden dragon
 56102 | Depths:3 | Got a warped pewter ring
 56107 | Depths:3 | Identified the ring of Polytheism {AC+6 Str-3 Dex+3 Int-2} (You found it on level 3 of the Depths)
 57825 | Depths:4 | Noticed Jorgrun
 57836 | Depths:4 | Killed Jorgrun
 58135 | Depths:4 | Reached skill level 19 in Shields
 58948 | Depths:4 | Found a roughly hewn altar of Beogh.
 59432 | Depths:4 | Reached XP level 23. HP: 65/190 MP: 40/40
 60147 | Depths:5 | Entered Level 5 of the Depths
 60147 | Depths:5 | Noticed Xtahua
 60153 | Depths:5 | Noticed Frederick
 60153 | Depths:5 | Killed Xtahua
 60172 | Depths:5 | Killed Frederick
 60444 | Depths:5 | Noticed the Enchantress
 60483 | Depths:5 | HP: 7/190 [spriggan air mage/the air[the Enchantress] (4)]
 60484 | Depths:5 | Slain by a spriggan defender

Action                   |  1- 3 |  4- 6 |  7- 9 | 10-12 | 13-15 | 16-18 | 19-21 | 22-24 || total
-------------------------+-------+-------+-------+-------+-------+-------+-------+-------++-------
Melee: Long sword        |   109 |    22 |       |       |       |       |       |       ||   131
       Trident           |       |   145 |   375 |     6 |    21 |     5 |       |       ||   552
       Bardiche          |       |       |       |   497 |  1185 |   984 |  1164 |   401 ||  4231
Throw: Javelin           |       |       |       |       |       |       |    11 |    42 ||    53
Invok: Lesser Healing    |       |       |    11 |       |       |       |       |       ||    11
       Divine Shield     |       |       |       |     5 |    41 |    29 |    23 |     8 ||   106
       Cleansing Flame   |       |       |       |       |       |       |     2 |     7 ||     9
       Summon Divine War |       |       |       |       |       |       |     1 |     3 ||     4
 Abil: Dig               |       |       |     1 |     8 |    12 |     6 |    11 |     6 ||    44
       Shaft Self        |       |       |       |     1 |       |       |       |       ||     1
       Evoke Jump Attack |       |       |       |       |       |     5 |     3 |     2 ||    10
Evoke: Wand              |       |       |       |     4 |     7 |       |       |       ||    11
       Box of beasts     |       |       |       |       |       |     1 |       |       ||     1
  Use: Scroll            |     3 |    12 |     7 |    12 |    24 |    10 |    14 |     3 ||    85
       Potion            |       |     3 |     6 |    12 |    17 |    13 |    11 |     5 ||    67
 Stab: Distracted        |       |       |       |     1 |       |       |       |       ||     1
